 Dungeon Crawl Stone Soup version 0.28-a0-1117-g0bdd5ba030 (webtiles) character file.

Game seed: 11296225922608542582

45 anonymouscript the Ruffian (level 3, -6/36 HPs)
             Began as a Troll Berserker on Dec 12, 2021.
             Was a Follower of Trog.
             Mangled by an iron imp (10 damage)
             ... summoned by Natasha
             ... on level 2 of the Dungeon.
             The game lasted 00:03:49 (413 turns).

anonymouscript the Ruffian (Troll Berserker)         Turns: 413, Time: 00:03:51

Health: -6/36      AC:  4    Str: 25    XL:     3   Next: 42%
Magic:  2/2        EV: 10    Int:  5    God:    Trog [*.....]
Gold:   35         SH:  0    Dex:  9    Spells: 2/2 levels left

rFire   . . .      SeeInvis .     - Unarmed
rCold   . . .      Faith    .   (no shield)
rNeg    . . .      Spirit   .   a - +0 animal skin
rPois   .          Reflect  .   (helmet restricted)
rElec   .          Harm     .   (no cloak)
rCorr   .          Rampage  .   (gloves unavailable)
Will    .....                   (boots unavailable)
Stlth   +.........              (no amulet)
HPRegen 0.92/turn               (no ring)
MPRegen 0.08/turn               (no ring)

@: on berserk cooldown
A: large, unfitting armour, claws 3, regeneration 1, shaggy fur 1, tough skin 1
a: Renounce Religion, Berserk


You were on level 2 of the Dungeon.
You worshipped Trog.
Trog was aware of your devotion.
You visited 1 branch of the dungeon, and saw 2 of its levels.

You collected 35 gold pieces.

Inventory:

Missiles
 b - 53 stones (quivered)
 c - 51 arrows
Armour
 a - a +0 animal skin (worn)
Scrolls
 f - a scroll of amnesia {unknown}
Potions
 d - a potion of cancellation {unknown}
 e - 2 potions of mutation {unknown}
 g - a potion of curing {unknown}


   Skills:
 + Level 2.9 Fighting
 + Level 2.9 Dodging
 + Level 3.5 Unarmed Combat


You had 2 spell levels left.
You didn't know any spells.
Your spell library contained the following spells:

 Spells                   Type           Power      Damage    Failure   Level
 Corpse Rot               Necr/Air       0%         N/A       63%         2
 Poisonous Vapours        Pois/Air       0%         N/A       63%         2


Dungeon Overview and Level Annotations

Branches:
Dungeon (2/15)

Altars:

Annotations:
D:2 Natasha


Innate Abilities, Weirdness & Mutations

You are too large for most types of armour.
You have claws for hands.
Your natural rate of healing is unusually fast.
You are covered in fur. (AC +1)
You have tough skin. (AC +1)


Message History

The endoplasm quivers.
You claw Natasha!
Natasha is heavily wounded.
Natasha claws you but does no damage. Natasha claws you.
You barely miss Natasha.
Natasha is heavily wounded.
A goblin breaks down the door.
Natasha drinks a potion.
Natasha is healed!
You closely miss Natasha.
You feel yourself speed up. Natasha claws you.
The goblin hits you with a +0 dagger. Natasha barely misses you.
You barely miss Natasha. The goblin hits you with a +0 dagger.
You scratch Natasha but do no damage. Natasha claws you.
The goblin hits you but does no damage.
You barely miss Natasha. Natasha barely misses you.
The goblin hits you but does no damage.
You miss the goblin.
Natasha howls an incantation.
You feel troubled. Natasha claws you! The goblin closely misses you.
You barely miss the goblin. Natasha claws you. The goblin closely misses you.
You claw the goblin!
You kill the goblin!
Trog accepts your kill.
Natasha casts a spell.
You closely miss Natasha. Natasha claws you but does no damage.
The hobgoblin hits you.
You claw the endoplasm!
You kill the endoplasm!
Trog accepts your kill. Natasha closely misses you.
The hobgoblin closely misses you. Natasha claws you!
* * * LOW HITPOINT WARNING * * *
The iron imp hits you.
* * * LOW HITPOINT WARNING * * *
There is a broken door here.
Things that are here:
a +0 dagger; 17 gold pieces Natasha barely misses you.
The iron imp hits you!
You die...

........ #..#.#..#
.####### ##.#.#.#.# .#
...# #...#.#.## .# ...#
# #..#..†#.## .##
#..#.###.#.#.#...##
..###.........#.#.#...#
....#.##.##.#..#......#
.....<.#.## #.$g5.....#
..#.#....##...#h@.....#
..#.#.....#...........#
.##.#.......####......#
.##.#.).......
......#..
....#.....#### #...###
. .########## ....# .#
##..# .# ..#


You could see an iron imp (summoned), Natasha and a hobgoblin.

Vanquished Creatures
  Natasha (D:2)
  A dart slug (D:1)
  An endoplasm (D:2)
  2 giant cockroaches
  3 goblins
  4 hobgoblins
  2 ball pythons (D:1)
  3 bats (D:1)
  A frilled lizard (D:2)
18 creatures vanquished.

Notes
Turn   | Place    | Note
-------+----------+-------------------------------------------
     0 | D:1      | anonymouscript the Troll Berserker began the quest for the
                  | Orb.
     0 | D:1      | Reached XP level 1. HP: 22/22 MP: 0/0
   201 | D:1      | Reached XP level 2. HP: 29/29 MP: 1/1
   363 | D:2      | Noticed Natasha
   369 | D:2      | Killed Natasha
   370 | D:2      | Reached XP level 3. HP: 36/36 MP: 2/2
   398 | D:2      | Noticed Natasha
   413 | D:2      | Mangled by an iron imp

Illustrated notes

Levels and vault maps discovered:
D:1:      dpeg_arrival_rhombi, layout_rooms
D:2:      layout_basic, basic_altar, minmay_tiny_reverse_x, uniq_natasha,
          uniq_crazy_yiuf_cottage

Action                   || total
-------------------------++-------
Melee: Unarmed           ||    66
       Punch             ||     1
Invok: Berserk           ||     1
Armor: Animal skin       ||    49
Dodge: Dodged            ||    61

Table legend: (Time is in decaauts)
 A = Elapsed time spent in this place.
 B = Non-inter-level travel time spent in this place.
 C = Inter-level travel time spent in this place.
 D = Time resting spent in this place.
 E = Time spent auto-exploring this place.
 F = Levels seen in this place.
 G = Mean time per level.
                   A        B        C        D        E       F      G
               +--------+--------+--------+--------+--------+-----+--------+
         Total |    421 |    421 |      0 |      1 |    122 |   2 |  210.5 |
       Dungeon |    421 |    421 |      0 |      1 |    122 |   2 |  210.5 |
               +--------+--------+--------+--------+--------+-----+--------+

Top non-repeatable levels by time:
     D:1: 272 daAuts
     D:2: 148 daAuts
